 Dungeon Crawl Stone Soup version 0.24-a0-520-g8fd06ad (webtiles) character file.

Game seed: 10876129489239711171

18 DinnerBoy7 the Stinger (level 2, 11/11 HPs)
             Began as a Felid Venom Mage on July 24, 2019.
             Was a Follower of Wu Jian.
             Quit the game on level 2 of the Dungeon on July 25, 2019.
             The game lasted 00:05:13 (1259 turns).

DinnerBoy7 the Stinger (Felid Venom Mage)           Turns: 1259, Time: 00:05:13

Health: 11/11      AC:  1    Str:  4    XL:     2   Next: 51%
Magic:  6/6        EV: 18    Int: 16    God:    Wu Jian [*.....]
Gold:   75         SH:  0    Dex: 16    Spells: 2/5 levels left
                                        Lives:  0   Deaths: 0

rFire    . . .     SeeInvis +   (weapon unavailable)
rCold    . . .     Gourm    .   (shield unavailable)
rNeg     . . .     Faith    .   (armour unavailable)
rPois    .         Spirit   .   (helmet unavailable)
rElec    .         Reflect  .   (cloak unavailable)
rCorr    .         Harm     .   (gloves unavailable)
MR       .....                  (boots unavailable)
Stlth    +++.......             (no amulet)
HPRegen  0.03/turn              (no ring)
MPRegen  0.10/turn              (no ring)

@: quick
A: very small, no armour, no weapons or thrown items, stealth, claws 1, fangs 3,
see invisible, carnivore, speed 1, shaggy fur 1, slow metabolism 1, sharp paws
a: Renounce Religion


You were on level 2 of the Dungeon.
You worshipped Wu Jian.
Wu Jian was aware of your devotion.
You were full.

You visited 1 branch of the dungeon, and saw 2 of its levels.

You collected 75 gold pieces.

Inventory:

Wands
 a - a wand of scattershot (4)
Scrolls
 c - a scroll of identify {unknown}
Comestibles
 b - 2 rations


   Skills:
 + Level 0.0 Fighting
 + Level 3.0 Dodging
 + Level 2.9 Stealth
 - Level 0.1 Unarmed Combat
 + Level 2.1 Spellcasting
 + Level 1.1 Conjurations
 + Level 3.0 Poison Magic
 - Level 0.4 Evocations


You had 2 spell levels left.
You knew the following spells:

 Your Spells              Type           Power        Failure   Level  Hunger
a - Sting                 Conj/Pois      #...         9%          1    #......
b - Poisonous Vapours     Pois/Air       #.....       17%         2    ###....

Your spell library contained the following spells:

 Spells                   Type           Power        Failure   Level  Hunger
 Mephitic Cloud           Conj/Pois/Air  #.......     34%         3    ###....
 Olgreb's Toxic Radiance  Pois           ##......     50%         4    #####..
 Venom Bolt               Conj/Pois      #.........   94%         5    ######.


Dungeon Overview and Level Annotations

Branches:
Dungeon (2/15)

Altars:
Wu Jian


Innate Abilities, Weirdness & Mutations

You cannot wear armour.
You are incapable of wielding weapons or throwing items.
Your paws allow you to move quietly. (Stealth)
You have sharp claws.
You have razor-sharp teeth.
You have supernaturally acute eyesight. (SInv)
You are carnivorous and can eat meat at any time.
You cover ground quickly.
You are covered in fur. (AC +1)
You have a slow metabolism.
Your sharp claws are effective at attacking unaware monsters.


Message History

You enter the shallow water.
Moving in this stuff is going to be slow.
Why would you want to do that?
Your movement speed is quick.
Your attack speed is above average.
There is a stone staircase leading down here.
You climb downwards.
There is a stone staircase leading up here.
Found a faded altar of an unknown god.
Found 18 arrows.
Found a ring mail.
Found 18 stones.
There is a faded altar of an unknown god here.
You cannot tell which god this altar belongs to.
Convert to them anyway?
Okay, then.
You cannot tell which god this altar belongs to.
Convert to them anyway?
Wu Jian accepts your prayer! The Council welcomes you!
You can now perform damaging attacks by moving towards foes.
You can now lightly attack and pin monsters in place by moving around them.
Are you sure you want to abandon this character and quit the game? (Confirm with "yes".)

####### .......
......(. ..
........ ...
###.....(.. ....
#..........
...####..#.....#
.[......#@#.# ##
##.....#..# ..
###.........# .#
#...#...##.## .#
##.# #......# .#
#..###..##..# .#
#......## #.# .#
##..##### ... .#
#...# ...


There were no monsters in sight!

Vanquished Creatures
  2 leopard geckos (D:1)
  A ball python (D:1)
  4 bats (D:1)
  2 hobgoblins (D:2)
  3 kobolds (D:1)
  A frilled lizard (D:1)
  A rat (D:1)
14 creatures vanquished.

Notes
Turn   | Place    | Note
-------+----------+-------------------------------------------
     0 | D:1      | DinnerBoy7 the Felid Venom Mage began the quest for the
                  | Orb.
     0 | D:1      | Reached XP level 1. HP: 7/7 MP: 4/4
   171 | D:1      | You fall into a shaft and drop 1 floor!
   206 | D:2      | Reached skill level 1 in Conjurations
   320 | D:1      | Reached XP level 2. HP: 10/11 MP: 1/6
   591 | D:1      | Learned a level 2 spell: Poisonous Vapours
  1247 | D:2      | Found a faded altar of an unknown god.
  1258 | D:2      | Became a worshipper of the Wu Jian Council
  1258 | D:2      | Reached * piety under Wu Jian
  1259 | D:2      | Quit the game

Levels and vault maps discovered:
D:1:      dpeg_arrival_shrine, layout_basic, minmay_pentomino_r4
D:2:      layout_rooms, chequers_ecumenical_altar_simple

Skill      XL: |  1  2 |
---------------+-------+-----
Conjurations   | 1 |  1.1
Poison Magic   | 3 |  3.0
Dodging        | 3 |  3.0
Stealth        | |  2.9
Unarmed Combat | |  0.1
Spellcasting   | |  2.1
Evocations     | |  0.4

Action                   || total
-------------------------++-------
Melee: Unarmed           ||     9
       Bite              ||     1
 Cast: Sting             ||    25
       Poisonous Vapours ||     1
  Eat: Chunk             ||     4
Armor: Skin              ||     2
Dodge: Dodged            ||    15

Table legend:
 A = Non-vault XP
 B = Vault XP
 C = Vault XP percentage of total XP
 D = Non-vault monster count
 E = Vault monster count
 F = Vault count percentage of total count
                 A         B        C        D         E       F
            +---------+---------+-------+---------+---------+-------
      Total |      18 |       9 |  33.3 |      10 |       4 |  28.6
            +---------+---------+-------+---------+---------+-------
        D:1 |      14 |       9 |  39.1 |       8 |       4 |  33.3
        D:2 |       4 |       0 |   0.0 |       2 |       0 |   0.0
            +---------+---------+-------+---------+---------+-------
